[Event "Israeli Team U18-ch 2022"]
[Site "Be'er Ya'akov"]
[Date "2022.08.15"]
[Round "4.13"]
[White "Zakin, Ilay"]
[Black "Aizenberg, Benny"]
[Result "0-1"]
[ECO "B45"]
[WhiteElo "1672"]
[BlackElo "2361"]
[Annotator "RC"]
[PlyCount "48"]
[EventDate "2022.08.14"]
[EventCountry "ISR"]
[SourceTitle "playchess.com"]
[Source "ChessBase"]
[SourceQuality "1"]
[TimeControl "3000+10"]

1. e4 c5 2. Nf3 e6 3. d4 cxd4 4. Nxd4 Nf6 5. Nc3 Nc6 6. Nxc6 bxc6 7. e5 Nd5 8. Ne4 Qc7 9. f4 Rb8 10. c4 Bb4+ 11. Ke2 O-O 12. a3 Be7 13. cxd5 cxd5 14. Nd6 Ba6+ 15. Ke1 f6 16. Bxa6 fxe5 17. fxe5 Qa5+ 18. Qd2 Qxa6 19. Qe2 Qa4 20. Rf1 Qd4 21. Qe3 Rxf1+ 22. Kxf1 Qd1+ 23. Kf2 Bh4+ 24. g3 Rf8+ 0-1

[Event "Israeli Team U18-ch 2022"]
[Site "Be'er Ya'akov"]
[Date "2022.08.15"]
[Round "4.14"]
[White "Sherman, Reem"]
[Black "Umanskiy, Stanislav"]
[Result "1/2-1/2"]
[ECO "C26"]
[WhiteElo "2071"]
[BlackElo "1642"]
[Annotator "TA"]
[PlyCount "71"]
[EventDate "2022.08.14"]
[EventCountry "ISR"]
[SourceTitle "playchess.com"]
[Source "ChessBase"]
[SourceQuality "1"]
[TimeControl "3000+10"]

1. e4 e5 2. Nc3 Nf6 3. g3 Nc6 4. Bg2 Bc5 5. Nge2 O-O 6. O-O d6 7. h3 Be6 {[%emt 0:00:54] C26: Vienna Game: 2...Nf6, sidelines .} (7... a5 $142) 8. d3 h6 (8... a5 $11) 9. Kh2 d5 {[%emt 0:02:31] The position is equal.} 10. f4 {[%emt 0:07:49] [#] Hoping for fxe5.} dxe4 {[%emt 0:04:06] [#]} 11. dxe4 $146 (11. fxe5 $1 $14 Nxe5 12. Rxf6 Bxh3 13. Rf1 (13. Bxh3 Qxf6 14. Nxe4 Qc6 $14) (13. Nxe4 Ng4+ 14. Kxh3 Qc8 $14) 13... Bxg2 14. Kxg2 exd3 15. cxd3 Qxd3 16. Bf4) ({Predecessor:} 11. fxe5 Nxe5 12. Nxe4 Nxe4 13. Bxe4 Nc6 14. Nf4 Bd7 15. Qh5 Qg5 16. Qxg5 hxg5 17. Nd5 {½-½ (82) Gabrielian,A (2463)-Fus,J (2370) Chess.com INT 2020}) 11... Qe7 (11... Qxd1 $15 12. Rxd1 Nb4) 12. Nd5 $11 Bxd5 13. exd5 Nd4 14. fxe5 (14. Nc3 {keeps more tension.} e4 15. Re1 Nf5 16. Nxe4 Rfe8 17. Bd2) 14... Qxe5 15. Nxd4 Qxd4 16. Qxd4 Bxd4 17. Bf4 Rac8 18. c3 Bc5 19. Bxh6 Rfe8 20. Bg5 Nh7 (20... Re2 $11) 21. Bf4 (21. Bc1 $1 $14) 21... Re2 22. b4 Bd6 23. Kg1 Rc2 24. Rfc1 Rb2 25. Bxd6 cxd6 26. a3 Rc4 27. Bf1 Ng5 {[%emt 0:02:49] [#] ( -> ...Nf3+)} 28. Bg2 {[%emt 0:01:15] Against Nf3+} (28. Bxc4 $11 Nf3+ 29. Kf1 Nh2+ 30. Kg1 Nf3+ 31. Kf1 Nh2+ 32. Kg1 Nf3+) 28... Rb3 29. h4 Nh7 30. Re1 (30. Kf2 $15) 30... Rcxc3 (30... Nf6 $17 31. Rac1 Kf8) 31. Re8+ $15 Nf8 32. Rae1 Rxg3 33. R1e2 $1 {[%emt 0:00:03] Prevents Rb2.} Rxa3 34. Rd8 Rae3 35. Rc2 Rc3 36. Re2 {[%emt 0:00:01] Weighted Error Value: White=0.21 (precise) /Black=0.19 (very precise)} (36. Rxc3 $15 Rxc3 37. h5) 1/2-1/2

[Event "Israeli Team U18-ch 2022"]
[Site "Be'er Ya'akov"]
[Date "2022.08.15"]
[Round "4.15"]
[White "Linik, Daniel"]
[Black "Shteiman, Yuval"]
[Result "0-1"]
[ECO "C01"]
[WhiteElo "1476"]
[BlackElo "2034"]
[Annotator "TA"]
[PlyCount "55"]
[EventDate "2022.08.14"]
[EventCountry "ISR"]
[SourceTitle "playchess.com"]
[Source "ChessBase"]
[SourceQuality "1"]
[TimeControl "3000+10"]

1. e4 e6 2. Nf3 d5 3. exd5 exd5 4. d4 Nf6 5. Bd3 Bd6 6. h3 O-O 7. O-O h6 8. c3 c5 9. Be3 {[%emt 0:01:39] [#] C01: French: Exchange Variation.} ({Better is} 9. dxc5 $11 Bxc5 10. Bf4) 9... Qc7 $146 (9... c4 $15 10. Bc2 Nc6) ({Predecessor:} 9... Qb6 10. Qc2 Nc6 11. Nbd2 Bd7 12. Bf5 Bxf5 13. Qxf5 cxd4 14. Bxh6 Ne7 15. Qg5 Ng6 16. Nxd4 Bf4 {0-1 (49) Stolze,D (1182)-Salden,F (1575) Leipzig 2003}) 10. Re1 Nbd7 11. Nbd2 {[%emt 0:03:03] The position is equal.} b6 12. Rc1 (12. Nh4 {is more complex.} Nb8 13. Qf3 Nc6 14. Nf5) 12... Bb7 13. a3 a5 14. Bf5 Rfe8 15. Nf1 Ne4 16. Qb3 (16. c4 $11) 16... Ndf6 17. Bxe4 (17. Qc2 $15) 17... dxe4 $17 18. N3d2 a4 19. Qc2 c4 {[%emt 0:03:16] Black is more active.} 20. g3 $2 {[%emt 0:01:08] [#] This costs White the game.} (20. Ng3 $17 {might work better.}) 20... b5 {[%emt 0:31:16] Strongly threatening ...Qd7.} 21. Kh2 (21. Qd1 $142) 21... Re7 22. Re2 Rae8 {[%emt 0:00:00] Black is clearly winning.} 23. Rce1 Nd5 24. Kg2 f5 {[%emt 0:00:00] And now ...f4 would win.} 25. f3 exf3+ 26. Nxf3 Qc6 27. Qxf5 Rf8 28. Qc2 {[%emt 0:00:23] Weighted Error Value: White=0.75/Black=0.43} 0-1

[Event "Israeli Team U18-ch 2022"]
[Site "Be'er Ya'akov"]
[Date "2022.08.15"]
[Round "4.16"]
[White "Tsirilman, Guy"]
[Black "Cohen, Asaf"]
[Result "0-1"]
[ECO "B81"]
[WhiteElo "2108"]
[BlackElo "1455"]
[Annotator "TA"]
[PlyCount "70"]
[EventDate "2022.08.14"]
[EventCountry "ISR"]
[SourceTitle "playchess.com"]
[Source "ChessBase"]
[SourceQuality "1"]
[TimeControl "3000+10"]

1. e4 c5 2. Nf3 d6 3. d4 cxd4 4. Nxd4 Nf6 5. Nc3 a6 6. h3 e6 7. g4 Nfd7 {[%emt 0:00:09] B81: Sicilian Scheveningen: Keres Attack.} 8. Bg2 {[%emt 0:00:51] 8.g5 deserves study.} Be7 9. Be3 Nc6 {[%emt 0:00:15] The position is equal.} 10. Qd2 Nde5 11. O-O-O {[%emt 0:01:09] [#]} Nc4 $146 ({Predecessor:} 11... O-O 12. f4 Nxd4 13. Bxd4 Nc6 14. Bf2 Bd7 15. h4 b5 16. Kb1 Rb8 17. Qd3 Qc7 {½-½ (25) Hernandez Leon,S (2165)-Villavicencio Martinez,A (2320) Santa Cruz de Tenerife 2018}) 12. Qe2 Nxe3 13. Qxe3 Bd7 14. Kb1 O-O 15. h4 Nxd4 ({Don't play} 15... Bxh4 16. Qh3 $16) 16. Qxd4 e5 17. Qe3 Bxg4 18. Bf3 Be6 19. Rdg1 Kh8 20. Bg4 b5 21. Bf5 Bf6 ({But not} 21... Bxh4 {[#]} 22. Bxh7 $1 Kxh7 23. f4 $16) 22. Qh3 b4 23. Nd1 Bxf5 24. Qxf5 d5 25. exd5 Qxd5 26. Ne3 Qc6 27. Ng4 Rac8 28. Rc1 Rfe8 29. Rhg1 ({Better is} 29. Nxf6 Qxf6 30. Qxf6 gxf6 31. c4) 29... Qe6 $17 {[%emt 0:00:43] Black is more active.} 30. Qf3 (30. Qxe6 $17 Rxe6 31. h5) 30... Bxh4 $19 31. Rge1 f6 32. Rh1 Bg5 33. Rcg1 Qc6 ({Don't blunder} 33... Qc4 $2 34. Qf5 Qg8 35. Ne3 $19) 34. Qb3 Qc4 35. Qa4 e4 {[%emt 0:01:35] Weighted Error Value: White=0.29 (precise) /Black=0.12 (very precise)} 0-1

[Event "Israeli Team U18-ch 2022"]
[Site "Be'er Ya'akov"]
[Date "2022.08.15"]
[Round "4.18"]
[White "Ostrovsky Berman, Noam"]
[Black "Arian, Tal"]
[Result "1-0"]
[ECO "B13"]
[WhiteElo "1778"]
[BlackElo "1258"]
[Annotator "NA RC"]
[PlyCount "37"]
[EventDate "2022.08.14"]
[EventCountry "ISR"]
[SourceTitle "playchess.com"]
[Source "ChessBase"]
[SourceQuality "1"]
[TimeControl "3000+10"]

1. e4 c6 2. d4 d5 3. exd5 cxd5 4. Nc3 Nf6 5. Bf4 Nc6 6. Nb5 e5 7. dxe5 Ng4 8. e6 Nge5 9. exf7+ Kxf7 10. Nf3 Qe7 11. Qxd5+ Be6 12. Nxe5+ Nxe5 13. Qxe5 Rd8 14. Be2 Qb4+ 15. c3 Qxb2 16. O-O Rd5 17. Bh5+ Ke7 18. Bg5+ Kd7 19. Qc7# 1-0

[Event "Israeli Team U18-ch 2022"]
[Site "Be'er Ya'akov"]
[Date "2022.08.15"]
[Round "5.1"]
[White "Levin, Guy"]
[Black "Rozen, Eytan"]
[Result "1/2-1/2"]
[ECO "B37"]
[WhiteElo "2363"]
[BlackElo "2465"]
[Annotator "TA"]
[PlyCount "31"]
[EventDate "2022.08.14"]
[EventCountry "ISR"]
[SourceTitle "playchess.com"]
[Source "ChessBase"]
[SourceQuality "1"]
[TimeControl "3000+10"]

1. Nf3 c5 2. c4 Nc6 3. d4 cxd4 4. Nxd4 g6 5. Nc3 Bg7 6. Nc2 d6 7. e4 Bxc3+ $1 {[%emt 0:00:36][%mdl 4] is more profitable than 7...Nf6 at the moment.} 8. bxc3 Nf6 {[%emt 0:00:07] B37: Sicilian: Maroczy Bind with 5...Bg7, sidelines.} 9. f3 Be6 10. Be2 O-O 11. Bh6 Re8 12. O-O {[%emt 0:01:17] [#]} Ne5 $146 ({Predecessor:} 12... Rc8 13. Ne3 Qa5 14. Nd5 Bxd5 15. cxd5 Ne5 16. Qd4 Qc5 17. a4 Ned7 18. Rfb1 b6 {½-½ (36) Pantsulaia,L (2601)-Lorparizangeneh,S (2478) Baku 2016}) 13. Ne3 Rc8 14. Qd4 Nc6 15. Qd2 Ne5 16. Qd4 {[%emt 0:31:26] An interesting draw.  Weighted Error Value: White=0.07 (flawless) /Black=0.07 (flawless)} 1/2-1/2

[Event "Israeli Team U18-ch 2022"]
[Site "Be'er Ya'akov"]
[Date "2022.08.15"]
[Round "5.2"]
[White "Milikow, Yoav"]
[Black "Ben Ari, Yannay"]
[Result "1-0"]
[ECO "D37"]
[WhiteElo "2452"]
[BlackElo "2411"]
[Annotator "TA"]
[PlyCount "69"]
[EventDate "2022.08.14"]
[EventCountry "ISR"]
[SourceTitle "playchess.com"]
[Source "ChessBase"]
[SourceQuality "1"]
[TimeControl "3000+10"]

1. d4 d5 2. c4 e6 3. Nc3 h6 4. Nf3 Nf6 5. g3 Bd6 6. Bg2 {[%emt 0:00:17] D37: Queen's Gambit Declined: 5 Bf4.} Nc6 7. O-O O-O 8. c5 {[%emt 0:02:38] The position is equal.} Be7 9. Bf4 {[%emt 0:04:54] [#]} Ne4 $146 (9... g5 $5 10. Bd2 Ne4 $11) ({Predecessor:} 9... b6 10. cxb6 axb6 11. Rc1 Bd7 12. a3 Re8 13. Re1 Nh5 14. Bd2 f5 15. Nb5 Rf8 {½-½ (52) Solon,N (2306)-Sychev,K (2556) Chess.com INT 2021}) 10. Nxe4 dxe4 11. Ne5 {[%emt 0:00:05] Threatens to win with Nxc6.} Nxd4 12. Bxe4 Bxc5 13. Rc1 Bb6 14. e3 {[%emt 0:01:14][%mdl 1024] White has compensation.} Nf5 {[%emt 0:11:04] And now ...Qxd1 would win.} 15. Qh5 Qe7 16. Kh1 Nd6 17. Bb1 Bd7 18. g4 {[%emt 0:02:16] Strongly threatening g5.} f6 {[%emt 0:00:29] [#] Inhibits g5.} (18... Be8 $1 $14) 19. Qg6 $1 $40 {[%emt 0:01:25][%csl Gb1][%cal Rg6h7][%mdl 128] Black is in trouble. 0x0.0019ee2cb54bdp-1022s more active pieces.} f5 {[%emt 0:00:00] ...Be8 is the strong threat.} 20. gxf5 (20. Nxd7 $14 Qxd7 21. gxf5) 20... Rf6 $11 21. Qg2 exf5 22. Nxd7 Qxd7 23. Be5 Re6 24. f4 Rf8 (24... Bxe3 $2 25. Bxf5 $1 Nxf5 26. Rxc7 $16) 25. a3 {[%emt 0:00:46] aiming for Ba2.} Re7 $2 {[%emt 0:00:11] [#]} (25... Bxe3 $2 26. Ba2 Rfe8 27. Rce1 $18) (25... Kh7 $11) 26. Ba2+ $2 ({White must play} 26. Qg6 $1 $18 {White threatens Ba2+ and mate.} Qe6 27. Qxe6+ Rxe6 28. Ba2) 26... Kh8 $2 (26... Kh7 $1 $11 {and Black has nothing to worry.}) 27. Qg6 $18 Rxe5 28. fxe5 Bxe3 (28... Ne4 {is a better defense.} 29. e6 Qe8 30. Qxe8 Rxe8 31. Rxf5 Nd6) 29. Rce1 ({Less strong is} 29. exd6 Bxc1 30. Rxc1 cxd6 $16) 29... Bd2 30. Re2 {[%emt 0:00:16] Dancing on a razor blade.} ({Not} 30. exd6 Bxe1 31. Rxe1 cxd6 $16) 30... Bg5 31. exd6 Qc6+ 32. Rg2 Rf6 33. Qh5 Rxd6 34. Qf7 Rd8 {[%emt 0:00:01] Inhibits Qg8+.} 35. Qxf5 {[%emt 0:00:08] Weighted Error Value: White=0.18 (very precise) /Black=0.44} 1-0

[Event "Israeli Team U18-ch 2022"]
[Site "Be'er Ya'akov"]
[Date "2022.08.15"]
[Round "5.3"]
[White "Kochavi, Ori"]
[Black "Milikow, Elie"]
[Result "1-0"]
[ECO "A34"]
[WhiteElo "2364"]
[BlackElo "2433"]
[Annotator "TA"]
[PlyCount "74"]
[EventDate "2022.08.14"]
[EventCountry "ISR"]
[SourceTitle "playchess.com"]
[Source "ChessBase"]
[SourceQuality "1"]
[TimeControl "3000+10"]

1. d3 {[%emt 0:00:27] ChessBase II} d5 2. Nf3 c5 3. g3 Nc6 4. Bg2 Nf6 5. O-O e5 6. c4 Be7 7. cxd5 Nxd5 8. Nc3 Nc7 9. Be3 Be6 10. Nd2 {[%emt 0:05:26] A34: Symmetrical English: 2 Nc3, lines with ...d5.} Qd7 (10... Nd5 $11) 11. Nc4 (11. Qa4 $1 $14) 11... f6 (11... Bh3 {keeps more tension.} 12. Bxh3 Qxh3 13. Ne4 b6) 12. Qa4 {[%emt 0:00:57] White is slightly better.} O-O 13. Bxc6 bxc6 14. Ne4 Bh3 15. Rfc1 ({But not} 15. Bxc5 Bxc5 16. Nxc5 Qd5 $15) 15... f5 16. Nc3 {[%emt 0:01:31] [#]} Qe6 $146 ({Predecessor:} 16... f4 17. Nxe5 Qe6 18. gxf4 Rf5 19. Kh1 g5 20. Rg1 Kh8 21. Rg3 gxf4 22. Bxf4 Raf8 {1-0 (35) Alingh Prins,J-De Vriese,J Netherlands 1987 Corr Nr. 1 [ChessBase II]}) 17. Nxe5 Bd6 ({Black should play} 17... Qxe5 $14 18. Bf4 Qe6 19. Bxc7 Rfc8) 18. Nf3 $16 {[%emt 0:02:56] Threatens to win with Ng5. Pair of Knights!} f4 19. Bd2 ({Not} 19. Bxf4 Bxf4 20. Rc2 c4 $1 21. Qxc4 Qxc4 22. dxc4 Bh6 $17) 19... Qg6 (19... Qg4 $16) 20. Ne4 $18 fxg3 21. hxg3 {[%emt 0:00:19] Really sharp!} Ne6 22. Qxc6 {[%emt 0:04:45] Active counter play!} Rad8 {[%emt 0:00:13][%mdl 8192] This costs Black the game.} (22... Be7 $16 {is tougher.} 23. Nfg5 Rac8) 23. Nxd6 Nd4 {[%emt 0:00:01] [#]} 24. Nxd4 Rxd6 25. Qh1 Bg4 26. Nf3 Qf5 27. Bf4 Re6 28. e4 Qg6 29. Ne5 Rxe5 30. Bxe5 Bf3 31. Qh4 Qe6 32. Rxc5 h6 33. Bf4 Rf7 34. Re5 Qd7 35. Rd5 Qe6 36. Rc1 {[%emt 0:00:22] Threatening mate with Rd8+.} Be2 37. Rd6 Qxa2 {[%emt 0:00:10] Weighted Error Value: White=0.19 (very precise) /Black=0.69} 1-0

[Event "Israeli Team U18-ch 2022"]
[Site "Be'er Ya'akov"]
[Date "2022.08.15"]
[Round "5.4"]
[White "Gorshtein, Asaf"]
[Black "Uritsky, Yonathan"]
[Result "0-1"]
[ECO "B24"]
[WhiteElo "2112"]
[BlackElo "2130"]
[Annotator "NA RC"]
[PlyCount "94"]
[EventDate "2022.08.14"]
[EventCountry "ISR"]
[SourceTitle "playchess.com"]
[Source "ChessBase"]
[SourceQuality "1"]
[TimeControl "3000+10"]

1. e4 c5 2. Ne2 Nc6 3. Nbc3 g6 4. g3 Bg7 5. Bg2 Rb8 6. O-O b5 7. d3 b4 8. Nd5 e6 9. Ne3 Nge7 10. f4 Nd4 11. e5 Ba6 12. Nxd4 cxd4 13. Nc4 Bxc4 14. dxc4 Qb6 15. Qd3 d6 16. exd6 Qxd6 17. a3 a5 18. axb4 axb4 19. Bd2 O-O 20. Ra7 Rfd8 21. Rfa1 Nf5 22. R1a6 Qf8 23. b3 Ne3 24. Bf3 h5 25. Rc7 Rdc8 26. Rxc8 Qxc8 27. Ra4 Qc5 28. Be4 Nxc2 29. Kh1 Ne3 30. Qb1 Ng4 31. Qe1 d3 32. Rxb4 Rxb4 33. Bxb4 Qf2 34. Bg2 Qc2 35. h3 Nf2+ 36. Kh2 Bd4 37. Qd2 Qxb3 38. c5 Kf8 39. c6+ Ke8 40. Bd6 Bb6 41. Qc1 Qd1 42. Qa3 Ng4+ 43. hxg4 Bg1+ 44. Kh1 Bc5+ 45. Kh2 Bxa3 46. Bxa3 Qc2 47. gxh5 gxh5 0-1

[Event "Israeli Team U18-ch 2022"]
[Site "Be'er Ya'akov"]
[Date "2022.08.15"]
[Round "5.5"]
[White "Aizenberg, Benny"]
[Black "Sokolovsky, Yahli"]
[Result "1-0"]
[ECO "C45"]
[WhiteElo "2361"]
[BlackElo "2386"]
[Annotator "TA"]
[PlyCount "106"]
[EventDate "2022.08.14"]
[EventCountry "ISR"]
[SourceTitle "playchess.com"]
[Source "ChessBase"]
[SourceQuality "1"]
[TimeControl "3000+10"]

1. e4 e5 2. Nf3 Nc6 3. d4 exd4 4. Nxd4 Qf6 5. Nf3 Bb4+ 6. c3 {[%emt 0:00:14] C45: Scotch Game.} Bc5 7. Be2 h6 8. O-O {[%emt 0:00:54] The position is equal.} Nge7 9. Nbd2 O-O 10. Nc4 d5 11. exd5 Rd8 {[%emt 0:00:08] [#]} 12. Ne3 $146 ({Predecessor:} 12. Be3 Rxd5 13. Qb3 Rb8 14. Rad1 Bxe3 15. Nxe3 Rxd1 16. Rxd1 Be6 17. Qa4 a6 18. a3 {1-0 (43) Tomczak,J (2604)-Gumularz,S (2512) Polanica Zdroj 2021}) 12... Bxe3 13. fxe3 Nxd5 ({Resist} 13... Rxd5 14. Nd4 Qg6 15. Bc4 $16) 14. Nd4 $132 {[%emt 0:07:18][%mdl 2048] White is fighting back} Qe7 15. Nxc6 bxc6 16. Bc4 (16. Qa4 $11) 16... Be6 {[%emt 0:02:48] Threatens to win with ...Nb6.} 17. Qf3 Nb6 18. Be2 (18. Bb3 $11) 18... Bd5 19. Qg3 Rd6 {[%emt 0:03:12] aiming for ...Rg6.} 20. Bh5 {[%emt 0:02:39] Inhibits Rg6.} Rf6 21. Rxf6 Qxf6 22. e4 Bxe4 23. Be3 {[%emt 0:00:07] Rf1 is the strong threat.} Qd6 24. Rf1 Bg6 25. Bxg6 Qxg6 26. Qxc7 Nd5 27. Qe5 Nxe3 28. Qxe3 $11 {[%emt 0:00:02][%mdl 4096] Endgame KQR-KQR} Rd8 29. h3 Kh7 30. Qf4 Rd7 31. Kh2 Re7 32. Rf2 Rd7 33. Qe5 Rb7 34. Rd2 Qe6 (34... Rb5 $11 {keeps the balance.} 35. Qe3 Qf6) 35. Qxe6 $16 {[%emt 0:01:18] White is more active. White stays focused until the end.} fxe6 {[%emt 0:00:01] KR-KR} 36. b3 $1 Rb6 {[%emt 0:00:12] [#]} (36... Kg6 $16 {is a better defense.}) 37. Rd6 $1 $18 Ra6 38. a4 ({Less strong is} 38. Rxe6 Rxa2 39. Rxc6 a5 $16) 38... Rb6 {[%emt 0:00:01] [#]} (38... Kg6 $142 39. Rxe6+ Kf5) 39. b4 $1 e5 (39... Ra6 $142 40. a5 (40. Rxe6 Rxa4 41. Rxc6 Ra3 $18) 40... Kg6) 40. a5 {[%emt 0:00:37] White is clearly winning.} Rb7 41. Rxc6 Kg8 42. Kg3 Rf7 43. c4 e4 44. Re6 Rf1 45. Rxe4 Rb1 46. b5 Kf7 {[%emt 0:00:15] Prevents Re7+.} 47. Re5 Rb4 48. Rc5 Ke6 49. Rc7 g5 50. Rxa7 Rxc4 51. b6 {[%emt 0:00:06] Threatening mate with b7.} Rc3+ 52. Kh2 {[%emt 0:00:19] Intending b7 and mate.} g4 53. hxg4 Kd5 {[%emt 0:00:28] Weighted Error Value: White=0.08 (flawless) /Black=0.29 (precise)} 1-0

[Event "Israeli Team U18-ch 2022"]
[Site "Be'er Ya'akov"]
[Date "2022.08.15"]
[Round "5.6"]
[White "Borodety, Itamar"]
[Black "Sherman, Reem"]
[Result "1/2-1/2"]
[ECO "E68"]
[WhiteElo "1939"]
[BlackElo "2071"]
[Annotator "NA RC"]
[PlyCount "88"]
[EventDate "2022.08.14"]
[EventCountry "ISR"]
[SourceTitle "playchess.com"]
[Source "ChessBase"]
[SourceQuality "1"]
[TimeControl "3000+10"]

1. Nf3 Nf6 2. g3 g6 3. Bg2 Bg7 4. O-O O-O 5. d4 d6 6. c4 Nbd7 7. Nc3 e5 8. e4 a6 9. Re1 exd4 10. Nxd4 Ne5 11. b3 c5 12. Nc2 Rb8 13. h3 Nc6 14. Bb2 b5 15. cxb5 axb5 16. Nd5 Nxd5 17. Bxg7 Kxg7 18. Qxd5 Bb7 19. Qd3 Ne5 20. Qxb5 Bxe4 21. Qe2 Bxg2 22. Kxg2 Qc7 23. Rad1 Nc6 24. Qd3 Rbd8 25. Qc3+ f6 26. Ne3 Rd7 27. Kh2 Nd4 28. Nc2 Nb5 29. Qc4 Qb7 30. a4 Na7 31. b4 cxb4 32. Nxb4 Qf3 33. Rd2 Rff7 34. Re3 Qf5 35. Qd4 Qa5 36. Ra2 Rb7 37. Nd5 Nc6 38. Qd2 Ra7 39. Nf4 Qxd2 40. Rxd2 Rxa4 41. Rxd6 Ne5 42. Rd8 Ra2 43. Kg2 Rb7 44. Nd3 Nxd3 1/2-1/2

[Event "Israeli Team U18-ch 2022"]
[Site "Be'er Ya'akov"]
[Date "2022.08.15"]
[Round "5.7"]
[White "Shteiman, Yuval"]
[Black "Bilenkiy, Maksym"]
[Result "1/2-1/2"]
[ECO "A11"]
[WhiteElo "2034"]
[BlackElo "1650"]
[Annotator "NA RC"]
[PlyCount "56"]
[EventDate "2022.08.14"]
[EventCountry "ISR"]
[SourceTitle "playchess.com"]
[Source "ChessBase"]
[SourceQuality "1"]
[TimeControl "3000+10"]

1. c4 c6 2. g3 d5 3. Bg2 Nf6 4. Nf3 g6 5. b3 Bg7 6. Bb2 O-O 7. O-O e6 8. d3 b6 9. Nbd2 Bb7 10. Qc2 c5 11. e3 Nbd7 12. d4 Qc7 13. Rfd1 Rfd8 14. Rac1 Rac8 15. h3 h6 16. Ne5 Nxe5 17. dxe5 Nd7 18. f4 Nf8 19. Nf3 Rd7 20. Rd2 Rcd8 21. Rcd1 Bc6 22. h4 Qb7 23. cxd5 Bxd5 24. Ne1 Bxg2 25. Rxd7 Rxd7 26. Rxd7 Nxd7 27. Qxg2 Qxg2+ 28. Kxg2 Nb8 1/2-1/2

[Event "Israeli Team U18-ch 2022"]
[Site "Be'er Ya'akov"]
[Date "2022.08.15"]
[Round "5.8"]
[White "Ratner, Krystyna"]
[Black "Friedland, Eldar"]
[Result "0-1"]
[ECO "E94"]
[WhiteElo "1553"]
[BlackElo "1990"]
[Annotator "NA RC"]
[PlyCount "42"]
[EventDate "2022.08.14"]
[EventCountry "ISR"]
[SourceTitle "playchess.com"]
[Source "ChessBase"]
[SourceQuality "1"]
[TimeControl "3000+10"]

1. d4 Nf6 2. Nf3 g6 3. c4 Bg7 4. Nc3 O-O 5. e4 d6 6. Be2 Na6 7. O-O e5 8. d5 Nc5 9. Qc2 a5 10. Bg5 h6 11. Be3 b6 12. Nd2 Bg4 13. f3 Bd7 14. b3 Nh5 15. a3 Bf6 16. Bxh6 Bg5 17. Bxg5 Qxg5 18. b4 axb4 19. axb4 Bh3 20. g4 Qe3+ 21. Kh1 Nf4 0-1

[Event "Israeli Team U18-ch 2022"]
[Site "Be'er Ya'akov"]
[Date "2022.08.15"]
[Round "5.9"]
[White "Gavriely, Or"]
[Black "Zemach, Nadav"]
[Result "1/2-1/2"]
[ECO "D31"]
[WhiteElo "2072"]
[BlackElo "2225"]
[Annotator "TA"]
[PlyCount "65"]
[EventDate "2022.08.14"]
[EventCountry "ISR"]
[SourceTitle "playchess.com"]
[Source "ChessBase"]
[SourceQuality "1"]
[TimeControl "3000+10"]

1. d4 d5 2. c4 e6 3. Nc3 a6 4. cxd5 exd5 5. Nf3 c6 6. Bf4 {[%emt 0:00:07] D31: Queen's Gambit Declined: Semi-Slav without ...Nf6 (+ Marshall Gambit and Noteboom) and Exchange Variation lines without ...Nf6.} Bd6 7. Bg3 Nf6 8. e3 O-O 9. Bd3 {[%emt 0:00:03] [#]} c5 $146 ({Black should play} 9... Bxg3 $11 10. hxg3 Be6) ({Predecessor:} 9... Re8 10. Qc2 a5 11. Ne5 Na6 12. a3 Nc7 13. Bh4 Bxe5 14. dxe5 Rxe5 15. Bxh7+ Kh8 {0-1 (56) Holt,C (2549)-Howell,D (2658) Chess.com INT 2021}) 10. dxc5 Bxc5 11. O-O Nc6 12. Rc1 Ba7 13. a3 {[%emt 0:04:25] White is more active.} h6 14. Qc2 Be6 15. Rfd1 Rc8 16. Bf5 Qe7 17. Bxe6 fxe6 18. Qe2 Rfd8 (18... Nh5 {feels hotter.} 19. Be5 Nxe5 20. Nxe5 Qg5) 19. Ne5 Nxe5 20. Bxe5 Nd7 21. Bd4 Bb8 22. f4 Nc5 23. g3 Nb3 24. Rb1 Rc4 25. Rd3 Nxd4 26. exd4 Ba7 27. Rbd1 Qf6 28. Qe3 Rdc8 29. Kg2 b5 30. Ne2 Bb6 31. Ng1 Rc2+ 32. R1d2 Rc1 33. Nf3 {[%emt 0:11:50] Weighted Error Value: White=0.08 (flawless) /Black=0.07 (flawless)} 1/2-1/2

[Event "Israeli Team U18-ch 2022"]
[Site "Be'er Ya'akov"]
[Date "2022.08.15"]
[Round "5.10"]
[White "Vagman, Roy"]
[Black "Gadasi, Noam"]
[Result "1-0"]
[ECO "B52"]
[WhiteElo "2180"]
[BlackElo "1993"]
[Annotator "TA"]
[PlyCount "55"]
[EventDate "2022.08.14"]
[EventCountry "ISR"]
[SourceTitle "playchess.com"]
[Source "ChessBase"]
[SourceQuality "1"]
[TimeControl "3000+10"]

1. e4 c5 2. Nf3 d6 3. Bb5+ Bd7 4. Bxd7+ Qxd7 5. c4 Nc6 6. d4 cxd4 7. Nxd4 Nf6 8. Nc3 g6 9. f3 Bg7 10. Be3 O-O 11. O-O Rfc8 12. b3 Rab8 13. Rc1 {[%emt 0:01:22] B52: Sicilian: Moscow Variation with 3...Bd7.} a6 14. Nxc6 Rxc6 {[%emt 0:00:42] [#]} 15. Qe2 $146 {[%emt 0:01:21] White is slightly better.} ({Predecessor:} 15. a4 Qd8 16. Qd3 Nd7 17. Rfd1 Nc5 18. Qc2 Ne6 19. Nd5 b5 20. Nb4 Rcc8 21. Nxa6 {0-1 (37) Bosiocic,M (2621)-Nikolovski,N (2383) Ohrid 2019}) 15... b6 ({Black should play} 15... b5 $11) 16. a4 $14 Qb7 17. Rfd1 Nd7 18. Nd5 Nc5 19. Qa2 {[%emt 0:02:02] aiming for b4.} Kf8 (19... e6 $14) 20. b4 $16 Nd7 21. b5 Rcc8 22. Qf2 $36 {[%emt 0:01:38][%mdl 2048] White is on the roll. White is much more active.} Nc5 $2 {[%emt 0:01:05] [#] This move loses the game for Black.} (22... axb5 $16 23. axb5 (23. cxb5 Rxc1 24. Bxc1 Nc5 $14) 23... Nc5) 23. Qh4 $18 h5 24. bxa6 Qa7 (24... Qd7 {was necessary.} 25. Kh1 f6) 25. g4 hxg4 26. Qh7 {[%emt 0:00:43] [#] And now Bh6 would win.} e6 (26... f6 $18 27. Bh6 Bxh6) 27. Bh6 Bxh6 28. Qh8# {[%emt 0:18:00] Weighted Error Value: White=0.06 (flawless) /Black=0.70} 1-0